 Dungeon Crawl Stone Soup version 0.27-a0-1071-ga85bd9520d (webtiles) character file.

Game seed: 2811317497408722112

50127 wakim the Martial Artist (level 14, -5/141 HPs)
             Began as an Octopode Transmuter on Apr 24, 2021.
             Was a High Priest of Makhleb.
             Slain by a spriggan rider
             ... wielding the +6 trident of the Blowfly {freeze, *Rage rPois rF+ rC+}
              (18 damage)
             ... on level 2 of the Lair of Beasts.
             The game lasted 01:28:38 (27317 turns).

wakim the Martial Artist (Octopode Transmuter)     Turns: 27317, Time: 01:28:39

Health: -5/141     AC:  8    Str:  9    XL:     14   Next: 53%
Magic:  16/20      EV: 19    Int: 20    God:    Makhleb [*****.]
Gold:   1578       SH:  0    Dex: 22    Spells: 6/19 levels left

rFire    + . .     SeeInvis +     - Unarmed
rCold    . . .     Faith    .   (shield currently unavailable)
rNeg     + . .     Spirit   .   (helmet currently unavailable)
rPois    +         Reflect  .   n - amulet of Vitality {Regen+ HP+15}
rElec    .         Harm     .   g - ring of wizardry
rCorr    +         Rampage  .   j - +6 ring of dexterity
Will     ++...                  h - ring of flight
Stlth    +++.......             l - ring of Wumisuirgh {rCorr EV+4 SInv Stlth-}
HPRegen  1.33/turn              m - ring "Xidduifu" {rN+ Dex+3}
MPRegen  0.17/turn              c - ring of protection from fire
                                p - ring of willpower
                                (no ring)

@: lethally poisoned (-5 -> -6), hydra-form, flying
A: fast swimmer, devour, boosted hp, almost no armour, amphibious, 8 rings, very
large, (camouflage 1), (gelatinous body 1), (nimble swimmer 1), (tentacles)
a: End Transformation, Renounce Religion, Minor Destruction, Lesser Servant of
Makhleb, Major Destruction, Greater Servant of Makhleb


You were on level 2 of the Lair of Beasts.
You worshipped Makhleb.
Makhleb was extremely pleased with you.
You were a five-headed hydra.
You visited 3 branches of the dungeon, and saw 19 of its levels.
You also visited: Ice Cave.

You collected 1671 gold pieces.
You spent 93 gold pieces at shops.

Inventory:

Missiles
 f - 90 poisoned darts (quivered)
 o - a throwing net {=f!f}
Armour
 d - a +0 buckler (melded)
Jewellery
 a - a ring of ice
 c - a ring of protection from fire (on tentacle)
 g - a ring of wizardry (left foreclaw)
 h - a ring of flight (on tentacle)
 j - a +6 ring of dexterity (right foreclaw)
 l - the ring of Wumisuirgh (on tentacle) {rCorr EV+4 SInv Stlth-}
   (You acquired it on level 6 of the Dungeon)

   [ring of evasion]

   It affects your evasion (+4).
   It lets you see invisible.
   It protects you from acid and corrosion.
   It makes you less stealthy.
 m - the ring "Xidduifu" (on tentacle) {rN+ Dex+3}
   (You acquired it on level 3 of the Lair of Beasts)

   [ring of positive energy]

   It affects your dexterity (+3).
   It protects you from negative energy.
 n - the amulet of Vitality (around neck) {Regen+ HP+15}
   (You found it on level 9 of the Dungeon)

   [amulet of regeneration]

   It affects your health (+15).
   It increases your rate of health regeneration.
 p - a ring of willpower (on tentacle)
Wands
 u - a wand of mindburst (13)
 v - a wand of flame (43)
 w - a wand of acid (8)
 x - a wand of iceblast (31)
 y - a wand of paralysis (21)
Scrolls
 b - 2 scrolls of enchant armour
 e - 3 scrolls of enchant weapon
 i - a scroll of brand weapon
 r - 4 scrolls of identify
 R - 3 scrolls of magic mapping {!r}
 T - 5 scrolls of teleportation
 U - a scroll of fear
 X - 2 scrolls of fog
 Z - a scroll of silence {!r}
Potions
 k - a potion of resistance
 A - a potion of ambrosia
 B - 2 potions of attraction {!q}
 C - a potion of berserk rage {!q}
 D - a potion of brilliance
 E - a potion of cancellation
 F - 8 potions of curing
 H - 3 potions of haste
 J - 4 potions of heal wounds
 K - a potion of magic
 L - 3 potions of lignification {!q}
 M - 2 potions of mutation {!q}
 N - a potion of might


   Skills:
 - Level 8.0 Fighting
 * Level 11.4 Dodging
 * Level 7.2 Stealth
 - Level 4.0 Shields
 + Level 14.1 Unarmed Combat
 - Level 3.0 Spellcasting
 - Level 10.0 Transmutations
 - Level 1.6 Poison Magic
 + Level 9.1 Invocations
 - Level 6.0 Evocations


You had 6 spell levels left.
You knew the following spells:

 Your Spells              Type           Power      Damage    Failure   Level
a - Beastly Appendage     Tmut           86%        N/A       1%          1
b - Hydra Form            Tmut           21%        N/A       2%          5
c - Ice Form              Ice/Tmut       23%        N/A       8%          4
x - Spider Form           Tmut/Pois      13%        N/A       1%          3

Your spell library contained the following spells:

 Spells                   Type           Power      Damage    Failure   Level
 Wereblood                Tmut           43%        N/A       1%          2
 Apportation              Tloc           6%         N/A       6%          1
 Corona                   Hex            3%         N/A       6%          1
 Magic Dart               Conj           12%        1d3       6%          1
 Ensorcelled Hibernation  Hex/Ice        6%         N/A       9%          2
 Searing Ray              Conj           6%         3d3       9%          2
 Alistair's Intoxication  Tmut/Pois      17%        N/A       14%         5
 Confusing Touch          Hex            3%         N/A       16%         3
 Dazzling Flash           Conj/Hex       6%         N/A       16%         3
 Lesser Beckoning         Tloc           1%         N/A       16%         3
 Portal Projectile        Hex/Tloc       6%         N/A       16%         3
 Teleport Other           Tloc           3%         N/A       16%         3
 Tukima's Dance           Hex            3%         N/A       16%         3
 Fulminant Prism          Conj/Hex       1%         3d6       45%         4
 Iskenderun's Mystic Bla  Conj/Tloc      3%         2d3       45%         4
 Manifold Assault         Tloc           3%         N/A       80%         5
 Invisibility             Hex            3%         N/A       100%        6
 Starburst                Conj/Fire      1%         8x6d3     100%        6
 Haunt                    Necr/Summ      1%         N/A       100%        7
 Malign Gateway           Summ/Tloc      1%         N/A       100%        7
 Monstrous Menagerie      Summ           1%         N/A       100%        7
 Summon Horrible Things   Summ           1%         N/A       100%        8


Dungeon Overview and Level Annotations

Branches:
Dungeon (12/15)            Temple (1/1) D:5            Lair (6/6) D:11
 Shoals (0/4) Lair:3       Spider (0/4) Lair:4        Slime (0/5) Lair:6
    Orc (0/2) D:9           IceCv (visited)

Altars:
Ashenzari
Cheibriados
Dithmenos
Elyvilon
Fedhas
Gozag
Hepliaklqana
Kikubaaqudgha
Makhleb
Nemelex Xobeh
Okawaru
Qazlal
Ru
Sif Muna
Trog
Uskayaw
Vehumet
Wu Jian
Xom
Yredelemnul
Zin
The Shining One

Shops:
D:2 [[[*?   D:5 ?   D:9 (

Portals:
Hell: Lair:6

Annotations:
Lair:1 3 runed translucent doors, Ishrent's ghost, novice DsWn
Lair:2 Killmatronix's ghost, journeyman MiFE
Lair:5 Rupert


Innate Abilities, Weirdness & Mutations

You are a five-headed hydra.
You swim very quickly.
You can devour living enemies to heal.
Your maximum health is greatly increased.
Your armour is entirely melded.
You are incapable of wielding weapons or throwing items.
You cannot wear most types of armour.
You are amphibious.
You can wear up to eight rings at the same time.
((Your skin changes colour to match your surroundings (Stealth+).))
((Your rubbery body absorbs attacks. (AC +1, EV +1)))
((You are camouflaged near water. (Stealth+)))
((You have tentacles for arms and can constrict up to eight enemies at once.))


Message History

Killmatronix's ghost hits you but does no damage.
Unknown command.
You completely miss Killmatronix's ghost.
Killmatronix's ghost is moderately damaged.
The spriggan closely misses you.
The spriggan rider hits you from afar with the +6 trident of the Blowfly {freeze, *Rage rPois rF+ rC+}!
* * * LOW HITPOINT WARNING * * *
The spriggan rider freezes you.
* * * LOW HITPOINT WARNING * * *
You nip at Killmatronix's ghost.
Killmatronix's ghost is moderately damaged.
Killmatronix's ghost sprays you with burning goo.
The sticky flame hits you. You resist.
You are covered in liquid flames!
* * * LOW HITPOINT WARNING * * *
The spriggan closely misses you. The spriggan rider misses you.
You bite Killmatronix's ghost!
Killmatronix's ghost is heavily damaged.
You are covered in liquid flames!
Killmatronix's ghost closely misses you.
The spriggan closely misses you.
You closely miss Killmatronix's ghost.
Killmatronix's ghost is heavily damaged.
You are covered in liquid flames!
The spriggan rider hits you from afar with the +6 trident of the Blowfly {freeze, *Rage rPois rF+ rC+}!!
* * * LOW HITPOINT WARNING * * *
The spriggan rider freezes you!
* * * LOW HITPOINT WARNING * * *
Killmatronix's ghost hits you.
* * * LOW HITPOINT WARNING * * *
You are poisoned.
You are covered in liquid flames!
* * * LOW HITPOINT WARNING * * *
You feel very sick.
You are covered in liquid flames!
* * * LOW HITPOINT WARNING * * *
You are no longer on fire.
You feel very sick.
The spriggan rider hits you from afar with the +6 trident of the Blowfly {freeze, *Rage rPois rF+ rC+}!!
You die...

##.#...# #......#.####....#
#.#...## #..........#.....##
......## ##....####.#......#
.......# ##...## #........#
......## ♣P...# #.#.....##
......# ♣♣♣♣...## #..#.....#
....#.# ♣♣♣..♣....# #.......##
####..# ♣♣♣..♣♣#....# #.P...P.#
##.# ♣.....#∩D..## ###...P##
#####.#♣♣.....#W....# #...##
#...#..♣♣...♣hi....## ##...#
........♣.♣..i#.....# ###....###
.......>♣ ♣...#∩....###.##.....##
........♣♣.♣..♣#................#
..#.#....♣♣♣♣♣.♣.................
#####.##....♣♣♣♣.....♣♣.≈♣♣####..
#P..###..♣ ♣♣....♣♣..♣♣ ###..


You could see a spriggan rider, a black bear, a spriggan and Killmatronix's
ghost.

Vanquished Creatures
  A boulder beetle (Lair:3)
  6 hydras
  A centaur warrior (D:9)
  6 two-headed ogres
  2 death yaks
  A sun demon (Lair:6)
  Urug (Lair:5)
  The ghost of Megustar the Arsonist, a novice DEFE of Vehumet (D:9)
  A wizard (Lair:6)
  2 ugly things
  An oklob plant (Lair:4)
  A deep elf pyromancer (D:12)
  2 cyclopes (D:12)
  3 manticores
  4 ice statues
  6 centaur zombies
  An orange demon (Lair:6)
  2 gargoyles
  2 torpor snails
  A smoke demon (Lair:6)
  7 cane toads
  3 rime drakes
  9 komodo dragons
  An efreet (D:9)
  A kobold demonologist (D:10)
  A freezing wraith (D:9)
  4 ice devils (Lair:6)
  A red devil (Lair:6)
  3 hornets
  A polar bear (shapeshifter) (D:8)
  A polar bear (Lair:4)
  6 trolls
  A slime creature (D:9)
  A snapping turtle (Lair:3)
  20 blink frogs
  A vampire (D:11)
  A wraith (D:10)
  2 wyverns
  42 yaks
  2 shadows (D:9)
  2 basilisks
  3 steam dragons
  5 vampire mosquitoes
  3 hell hounds (Lair:6)
  14 water moccasins
  Duvessa (D:5)
  A sky beast (D:8)
  12 wolves
  7 orc warriors
  7 ice beasts
  2 black bears
  2 ogres
  4 centaurs
  2 kobold brigands
  10 bullfrogs
  3 scorpions
  Dowan (D:5)
  13 killer bees
  7 wights
  6 howler monkeys
  An electric eel (Lair:3)
  A jelly (D:5)
  3 gnoll shamans
  8 orc priests
  2 hounds
  A bullfrog skeleton (D:5)
  A centaur skeleton (D:5)
  2 iguanas
  Terence (D:3)
  11 orc wizards
  7 hell rats
  A killer bee zombie (D:6)
  A centaur simulacrum (D:9)
  A hound skeleton (D:5)
  3 howler monkey zombies
  9 gnolls
  8 adders
  7 river rats (Lair:3)
  A shadow imp (D:5)
  12 white imps (Lair:5)
  An adder skeleton (D:4)
  2 dart slugs (D:1)
  36 orcs
  5 ball pythons
  2 bat zombies (D:11)
  9 endoplasms
  5 giant cockroaches
  8 goblins
  7 hobgoblins
  6 jackals
  3 bats
  11 frilled lizards
  A jackal skeleton (D:4)
  12 kobolds
  12 rats
  4 rat zombies (D:11)
  A bush (Lair:4)
  A butterfly (Lair:6)
465 creatures vanquished.

Vanquished Creatures (others)
  An ugly thing (IceCv)
  17 fungi
  52 plants
70 creatures vanquished.

Grand Total: 535 creatures vanquished

Notes
Turn   | Place    | Note
-------+----------+-------------------------------------------
     0 | D:1      | wakim the Octopode Transmuter began the quest for the Orb.
     0 | D:1      | Reached XP level 1. HP: 13/13 MP: 3/3
   110 | D:1      | Reached skill level 1 in Stealth
   116 | D:1      | Reached XP level 2. HP: 14/18 MP: 3/5
   646 | D:1      | Reached XP level 3. HP: 23/23 MP: 6/6
   820 | D:1      | Found a faded altar of an unknown god.
  1193 | D:1      | Learned a level 3 spell: Spider Form
  1239 | D:2      | Found Ricajed's Assorted Antiques.
  1243 | D:2      | Bought a scroll labelled OWURCHUE WYRUUTOINO for 15 gold
                  | pieces
  1243 | D:2      | Bought a scroll labelled NOLEEN ASAOQ for 15 gold pieces
  1490 | D:2      | Found Fomovim's Armour Boutique.
  1586 | D:2      | Found Udizxu's Armour Shop.
  1660 | D:2      | Found Edynyos's Antique Armour Shop.
  1823 | D:2      | Reached XP level 4. HP: 28/28 MP: 5/7
  1897 | D:2      | Found Sickofes's Magic Scroll Shop.
  2589 | D:3      | Reached skill level 4 in Unarmed Combat
  2746 | D:3      | Noticed Terence
  2784 | D:3      | Killed Terence
  2785 | D:3      | Reached XP level 5. HP: 33/33 MP: 5/8
  3528 | D:4      | Found a burning altar of Makhleb.
  3534 | D:4      | Found a white marble altar of Elyvilon.
  3540 | D:4      | Became a worshipper of Makhleb the Destroyer
  4115 | D:4      | Found an ornate altar of the Wu Jian Council.
  4150 | D:4      | Learned a level 4 spell: Ice Form
  4485 | D:4      | Found a snail-covered altar of Cheibriados.
  4500 | D:4      | Noticed an ogre
  4631 | D:5      | Entered Level 5 of the Dungeon
  4728 | D:4      | Reached XP level 6. HP: 38/38 MP: 4/9
  4732 | D:4      | Reached skill level 5 in Unarmed Combat
  5302 | D:5      | Found a shadowy altar of Dithmenos.
  5407 | D:5      | Reached skill level 6 in Unarmed Combat
  5470 | D:5      | Reached XP level 7. HP: 32/43 MP: 5/10
  5577 | D:5      | Reached * piety under Makhleb
  5660 | D:5      | Found Cootoigg's Magic Scroll Emporium.
  5681 | D:5      | Noticed Dowan
  6043 | D:5      | Killed Dowan
  6072 | D:5      | Noticed Duvessa
  6092 | D:5      | Killed Duvessa
  6205 | D:5      | Found a staircase to the Ecumenical Temple.
  6376 | Temple   | Entered the Ecumenical Temple
  7011 | D:5      | Reached skill level 7 in Unarmed Combat
  7011 | D:5      | Reached XP level 8. HP: 44/52 MP: 8/11
  7324 | D:6      | You are sucked into a shaft and drop 2 floors!
  7494 | D:7      | Reached skill level 8 in Unarmed Combat
  7494 | D:7      | Reached skill level 1 in Poison Magic
  7596 | D:6      | Identified a scroll of acquirement
  7596 | D:6      | Acquired the ring of Wumisuirgh {rCorr EV+4 SInv Stlth-}
  7617 | D:6      | Reached XP level 9. HP: 54/58 MP: 9/13
  7677 | D:6      | Learned a level 5 spell: Hydra Form
  7739 | D:6      | Reached skill level 5 in Transmutations
  8146 | D:6      | Found a glowing golden altar of the Shining One.
  8262 | D:6      | Found a bloodstained altar of Trog.
  8407 | D:6      | Found a sparkling altar of Nemelex Xobeh.
  8688 | D:7      | Found an ancient bone altar of Kikubaaqudgha.
  8922 | D:8      | Reached ** piety under Makhleb
  9228 | D:2      | Bought a +0 buckler for 63 gold pieces
  9385 | D:8      | Reached skill level 9 in Unarmed Combat
  9433 | D:8      | Reached skill level 1 in Shields
  9603 | D:8      | Noticed a two-headed ogre
  9808 | D:8      | Found a blossoming altar of Fedhas.
  9893 | D:9      | Reached skill level 1 in Invocations
  9941 | D:9      | Reached XP level 10. HP: 63/63 MP: 11/14
 10043 | D:9      | Found a broken altar of Ashenzari.
 10215 | D:5      | Identified the ring "Yllalu Inerph" {*Corrode Drain Fly
                  | Dex+7}
 10360 | D:8      | Reached skill level 10 in Unarmed Combat
 10580 | D:9      | HP: 3/63 [wyvern (6)]
 10919 | D:9      | Found a staircase to the Orcish Mines.
 10929 | D:9      | Found Ziquotecw's Weapon Shop.
 11165 | D:9      | Found the amulet of Vitality {Regen+ HP+15}
 11165 | D:9      | Noticed a two-headed ogre
 11174 | D:9      | Reached skill level 5 in Dodging
 11184 | D:9      | Noticed a two-headed ogre
 11186 | D:9      | Killed a two-headed ogre
 11186 | D:9      | Noticed a centaur warrior
 11367 | D:9      | Reached *** piety under Makhleb
 11464 | D:8      | Killed a two-headed ogre
 11465 | D:8      | Reached skill level 5 in Fighting
 11465 | D:8      | Reached XP level 11. HP: 72/72 MP: 13/15
 11527 | D:9      | Killed a two-headed ogre
 11528 | D:9      | Reached skill level 11 in Unarmed Combat
 11528 | D:9      | Reached skill level 5 in Invocations
 11571 | D:9      | Noticed a manticore
 11726 | D:9      | Noticed a shock serpent
 11765 | D:9      | Noticed a deep troll
 12385 | D:9      | Killed a manticore
 12434 | D:9      | Noticed a four-headed hydra
 12460 | D:8      | Killed a four-headed hydra
 12585 | D:9      | Found a runed translucent gate.
 12585 | D:9      | Found a runed translucent gate.
 12585 | D:9      | Found a runed translucent gate.
 12585 | D:9      | Noticed Megustar's ghost (novice DEFE)
 12588 | D:9      | Found a basalt altar of Yredelemnul.
 12732 | D:9      | Noticed a two-headed ogre
 12750 | D:9      | Killed a two-headed ogre
 12751 | D:9      | Reached skill level 12 in Unarmed Combat
 12813 | D:9      | Identified the +0 leather armour "Jacu Ehe" {rElec rC+
                  | Will+}
 13750 | D:10     | Entered Level 10 of the Dungeon
 13772 | D:10     | Identified the +1 robe "Suimuseh" {Rampage Drain MP+9
                  | Str+4}
 13792 | D:10     | Reached **** piety under Makhleb
 14018 | D:10     | Reached XP level 12. HP: 77/80 MP: 8/16
 14163 | D:10     | Found a stormy altar of Qazlal.
 14503 | D:10     | Noticed a soul eater
 15567 | D:11     | Noticed a two-headed ogre
 15578 | D:11     | Killed a two-headed ogre
 15638 | D:11     | Found an ancient bone altar of Kikubaaqudgha.
 15713 | D:11     | Reached skill level 1 in Evocations
 15819 | D:11     | Noticed a two-headed ogre
 15831 | D:11     | Killed a two-headed ogre
 16295 | D:11     | Found a staircase to the Lair.
 16472 | Lair:1   | Entered Level 1 of the Lair of Beasts
 17168 | Lair:1   | Noticed an eight-headed hydra
 17184 | Lair:1   | Found a runed translucent gate.
 17184 | Lair:1   | Found a runed translucent gate.
 17185 | Lair:1   | Found a runed translucent gate.
 17185 | Lair:1   | Noticed an 11-headed hydra
 17186 | Lair:1   | Noticed Ishrent's ghost (novice DsWn)
 17186 | Lair:1   | Noticed a 12-headed hydra
 18175 | Lair:2   | Identified the +1 trident of Law {holy, rPois rF- rCorr}
 18281 | Lair:2   | Noticed a five-headed hydra
 18338 | Lair:1   | Killed a five-headed hydra
 18339 | Lair:1   | Reached skill level 13 in Unarmed Combat
 18780 | Lair:2   | Found a runed translucent door.
 18781 | Lair:2   | Identified the +6 trident of the Blowfly {freeze, *Rage
                  | rPois rF+ rC+}
 18782 | Lair:2   | Noticed Killmatronix's ghost (journeyman MiFE)
 19507 | Lair:3   | Reached XP level 13. HP: 88/88 MP: 12/17
 19673 | Lair:3   | Reached ***** piety under Makhleb
 20116 | Lair:3   | Found a staircase to the Shoals.
 20257 | Lair:3   | Acquired the ring "Xidduifu" {rN+ Dex+3}
 21132 | Lair:4   | Found a hole to the Spider Nest.
 21560 | Lair:5   | Found a frozen archway.
 21573 | Lair:5   | Reached skill level 5 in Evocations
 21597 | IceCv    | Entered an ice cave
 21801 | IceCv    | Identified the +8 ice dragon scales of Kikubaaqudgha's Envy
                  | {Contam rF- rC++ rN++ Int-4 SInv}
 22283 | Lair:5   | Reached skill level 10 in Dodging
 22767 | Lair:6   | Entered Level 6 of the Lair of Beasts
 22818 | Lair:6   | Found a staircase to the Slime Pits.
 22855 | Lair:6   | Noticed Rupert
 22868 | Lair:6   | Paralysed by Rupert for 5 turns
 23174 | D:9      | Killed Megustar's ghost
 23420 | D:11     | Identified Tadylux's Handbook of the Spatial Blaze
 24796 | Lair:5   | Reached XP level 14. HP: 94/94 MP: 18/20
 25459 | Lair:6   | Noticed Urug
 25471 | Lair:5   | Killed Urug
 25478 | Lair:5   | Reached skill level 14 in Unarmed Combat
 25617 | Lair:5   | Reached skill level 5 in Stealth
 26595 | Lair:6   | Reached skill level 10 in Transmutations
 26635 | Lair:6   | Found a burning altar of Makhleb.
 27130 | Lair:6   | Found a gateway to Hell.
 27317 | Lair:2   | Slain by a spriggan rider

Illustrated notes

Levels and vault maps discovered:
D:1:      scummos_arrival_simple_crosswalls, layout_loops_corners,
          chequers_ecumenical_altar_simple_redux, minmay_door_square,
          minmay_lizard_king
D:2:      layout_loops_corners, serial_shops, nicolae_shop_waterfront,
          nicolae_shop_temple_entry_statues_fountains, nicolae_shop_crystal,
          shop, shop
D:3:      layout_basic, minmay_misc_feat_five, minmay_close_crescents,
          uniq_terence
D:4:      layout_basic, kennysheep_mini_moat, lemuel_coloured_pillars_altar,
          chequers_temple_overflow_statue_of_worship, kennysheep_flooded_box,
          hangedman_feature_mirror
D:5:      layout_rooms, grunt_dithmenos_smoke, lemuel_temple_firewalk_a,
          serial_shops, shop_fountains, grunt_ministairs_15, uniq_duvessa
D:6:      layout_rooms, trog_book, nemelex_dance_club_becter,
          nicolae_tso_carved_into_rock
D:7:      layout_rooms, lemuel_tele_altar, minivault_23
D:8:      layout_rooms, general_overflow_altar
D:9:      minmay_the_grid_octo_tiled_squarecenter
          [minmay_the_grid_octo_pinwheel, minmay_the_grid_octo_chip,
          minmay_the_grid_octo_fan_narrow, minmay_the_grid_octo_checkerflower,
          minmay_the_grid_square_5x5_megaprize_checkered,
          minmay_the_grid_square_5x5_inverted_slash,
          minmay_the_grid_square_5x5_checkered_sparse,
          minmay_the_grid_square_5x5_inset,
          minmay_the_grid_square_5x5_tri_point], layout_layer_cave,
          ashenzari_conservatory_becter, nicolae_yredelemnul_ghost_church,
          orc_david_3, minmay_microvault
D:10:     layout_gridville, nicolae_qazlal_eye_of_the_storm
D:11:     lemuel_ice_statue, layout_basic, david_lair_shrubbed,
          lemuel_zombie_altar_kikubaaqudgha
D:12:     layout_basic
Temple:   jpeg_temple_island
Lair:1:   layout_cave_pods, gammafunk_ghost_hydra_chop,
          infiniplex_staircase_pool_2
Lair:2:   layout_gridlike, ebering_ghost_funeral_grove, serial_bayou_crossing
Lair:3:   layout_roguey, minmay_shoals_entry_hut, kennysheep_abandoned_house
Lair:4:   layout_layer_cave, dummy_spider_entry, minmay_lair_oklob_bushes,
          minivault_11, serial_bayou_pond_b
Lair:5:   layout_long_grid, portal_ice_cave_entry_imps, grunt_megastairs_4
Lair:6:   evil_forest, layout_loops_ring, slime_dummy, lemuel_fruit_fields,
          uniq_rupert, uniq_urug

Skill      XL: |  1  2  3  4  5  6  7  8  9 10 11 12 13 14 |
---------------+-------------------------------------------+-----
Stealth        | 1 2 3 4 7 |  7.2
Unarmed Combat | 4 6 7 8 9 10 12 13 14 | 14.1
Transmutations | 3 4 7 8 9 10 | 10.0
Fighting       | 2 3 4 5 6 8 |  8.0
Dodging        | 3 4 6 8 9 10 11 | 11.4
Poison Magic   | 1 |  1.6
Spellcasting   | 3 |  3.0
Shields        | 3 4 |  4.0
Invocations    | 2 4 6 8 9 |  9.1
Evocations     | 3 6 |  6.0

Action                   |  1- 3 |  4- 6 |  7- 9 | 10-12 | 13-15 || total
-------------------------+-------+-------+-------+-------+-------++-------
Melee: Unarmed           |    95 |   147 |   242 |   591 |   701 ||  1776
       Constrict         |    27 |    23 |     7 |     4 |     5 ||    66
       Tentacles         |    16 |    17 |     6 |    12 |     4 ||    55
       Kick              |    20 |    17 |     4 |       |       ||    41
       Punch             |     3 |     5 |     3 |     5 |     3 ||    19
Throw: Dart              |       |     7 |     7 |       |       ||    14
 Cast: Beastly Appendage |    30 |    23 |     6 |       |       ||    59
       Spider Form       |       |     7 |    32 |    36 |    28 ||   103
       Ice Form          |       |     5 |     3 |    37 |    35 ||    80
       Hydra Form        |       |       |     1 |     5 |    10 ||    16
Invok: Lesser Servant of |       |       |       |       |     1 ||     1
Evoke: Wand              |       |       |       |     8 |     6 ||    14
  Use: Scroll            |     4 |     4 |     9 |     5 |    10 ||    32
       Potion            |       |       |       |       |     4 ||     4
 Stab: Sleeping          |    10 |     7 |     4 |     1 |     1 ||    23
       Distracted        |       |       |     1 |       |       ||     1
Armor: Skin              |     8 |     6 |    14 |    45 |    51 ||   124
Dodge: Dodged            |    37 |   107 |   204 |   571 |   727 ||  1646
Block: Buckler           |       |       |       |    17 |    11 ||    28

Table legend: (Time is in decaauts)
 A = Elapsed time spent in this place.
 B = Non-inter-level travel time spent in this place.
 C = Inter-level travel time spent in this place.
 D = Time resting spent in this place.
 E = Time spent auto-exploring this place.
 F = Levels seen in this place.
 G = Mean time per level.
                   A        B        C        D        E       F      G
               +--------+--------+--------+--------+--------+-----+--------+
         Total |  27054 |  24070 |   2984 |   1792 |  16511 |  20 | 1352.7 |
       Dungeon |  17712 |  15527 |   2185 |   1127 |  10663 |  12 | 1476.0 |
        Temple |    537 |    525 |     12 |      0 |    515 |   1 |  537.0 |
          Lair |   8570 |   7784 |    786 |    665 |   5256 |   6 | 1428.3 |
      Ice Cave |    234 |    234 |      0 |      0 |     77 |   1 |  234.0 |
               +--------+--------+--------+--------+--------+-----+--------+

Top non-repeatable levels by time:
     D:9: 3096 daAuts
     D:4: 1967 daAuts
  Lair:5: 1758 daAuts
    D:11: 1693 daAuts
    D:10: 1685 daAuts
  Lair:6: 1605 daAuts
     D:8: 1570 daAuts
  Lair:1: 1463 daAuts
  Lair:4: 1401 daAuts
     D:3: 1307 daAuts
  Lair:3: 1301 daAuts
     D:1: 1270 daAuts
     D:5: 1204 daAuts
     D:2: 1153 daAuts
     D:6: 1100 daAuts
